 Dungeon Crawl Stone Soup version 0.29.1-1-gd02db6906a (webtiles) character file.

Game seed: 8828502568658441174

237 RogueRain17 the Ruffian (level 5, -17/38 HPs)
             Began as a Demonspawn Gladiator on Sept 20, 2022.
             Demolished by Dowan
             ... wielding a +4 dagger of distortion
              (20 damage)
             ... on level 4 of the Dungeon.
             The game lasted 00:05:35 (4061 turns).

RogueRain17 the Ruffian (Demonspawn Gladiator)      Turns: 4061, Time: 00:05:36

Health: -17/38     AC:  6    Str: 16    XL:     5   Next: 77%
Magic:  0/5        EV: 13    Int:  9    God:
Gold:   174        SH:  0    Dex: 15    Spells: 4/4 levels left

rFire   . . .      SeeInvis .     - Unarmed
rCold   . . .      Faith    .   (no shield)
rNeg    . . .      Spirit   +   a - +0 leather armour
rPois   .          Reflect  .   b - +0 helmet
rElec   .          Harm     .   (no cloak)
rCorr   .          Rampage  .   (no gloves)
Will    .....                   (no boots)
Stlth   +.........              (no amulet)
HPRegen 0.12/turn               (no ring)
MPRegen 0.18/turn               (no ring)

@: no status effects
A: icy blue scales 1, demonic guardian 1, magic shield, magic regeneration
a: no special abilities


You were on level 4 of the Dungeon.
You visited 1 branch of the dungeon, and saw 4 of its levels.

You collected 174 gold pieces.

Inventory:

Missiles
 c - 5 throwing nets (quivered)
 d - a javelin
Armour
 a - a +0 leather armour (worn)
 b - a +0 helmet (worn)
Jewellery
 h - a +4 ring of evasion
 o - a +6 ring of dexterity
 y - a +6 ring of strength
Scrolls
 j - 3 scrolls of poison
 l - a scroll of teleportation
 m - a scroll of blinking
 p - a scroll of fog
 q - 3 scrolls of amnesia
 t - a scroll of enchant armour
 w - 2 scrolls of identify
Potions
 e - a potion of haste {unknown}
 f - a potion of curing {unknown}
 g - a potion of ambrosia
 i - a potion of heal wounds {unknown}
 k - 2 potions of attraction {unknown}
 n - a potion of brilliance {unknown}
 r - 2 potions of degeneration {unknown}
 s - a potion of mutation {unknown}
 u - a potion of cancellation {unknown}
 v - a potion of invisibility {unknown}
 x - a potion of berserk rage {unknown}
 z - a potion of flight {unknown}


   Skills:
 - Level 2.0 Fighting
 - Level 1.7 Throwing
 + Level 4.0 Dodging
 * Level 5.1 Unarmed Combat


You had 4 spell levels left.
You didn't know any spells.
Your spell library contained the following spells:

 Spells                   Type           Power      Damage    Failure   Level
 Gell's Gravitas          Tloc           0%         N/A       83%         3
 Ignite Poison            Fire/Tmut/Pois 0%         N/A       83%         3
 Mephitic Cloud           Conj/Pois/Air  0%         N/A       83%         3
 Teleport Other           Tloc           0%         N/A       83%         3
 Animate Armour           Summ/Erth      0%         N/A       99%         4
 Blade Hands              Tmut           0%         N/A       100%        5
 Freezing Cloud           Conj/Ice/Air   0%         6-21      100%        5
 Dispersal                Tloc           0%         N/A       100%        6
 Iron Shot                Conj/Erth      0%         9d1       100%        6
 Simulacrum               Ice/Necr       0%         N/A       100%        6
 Polar Vortex             Ice            0%         N/A       100%        9


Dungeon Overview and Level Annotations

Branches:
Dungeon (4/15)
 Temple: D:4-7

Altars:

Annotations:
D:3 1 runed translucent door, Crazy Yiuf
D:4 Dowan


Innate Abilities, Weirdness & Mutations

You are partially covered in icy blue scales. (AC +2)
A weak demonic guardian rushes to your aid.
When hurt, damage is shared between your health and your magic reserves.
You regenerate magic rapidly.


Message History

Duvessa hits you with a +0 short sword.
A demonic guardian appears!
You hit Duvessa.
Duvessa is almost dead.
Duvessa hits you but does no damage.
Dowan points at you and mumbles some strange words.
The puff of flame hits you!
You swap places.
Duvessa hits your quasit but does no damage.
Your quasit closely misses Duvessa.
Your quasit claws Duvessa but does no damage. x2
Your quasit bites Duvessa.
Duvessa dies!
You hear a distant wail of despair.
Your Dodging skill increases to level 4!
Your Unarmed Combat skill increases to level 5!
You have reached level 5!
Your demonic ancestry asserts itself...
Icy blue scales grow over part of your body.
Dowan seems to find hidden reserves of power!
Dowan zaps a wand.
The puff of flame hits your quasit.
Your quasit resists.
Your quasit closely misses Dowan.
Your quasit claws Dowan but does no damage.
Your quasit claws Dowan.
Dowan closely misses your quasit.
Dowan hits your quasit with a +4 dagger of distortion.
Space warps around your quasit.
Your quasit misses Dowan.
Your quasit claws Dowan.
Your quasit claws Dowan but does no damage.
Dowan hits your quasit with a +4 dagger of distortion.
Your quasit dies!
Your quasit disappears in a puff of smoke!
Dowan zaps a wand.
The puff of flame hits you!
* * * LOW HITPOINT WARNING * * *
You hit Dowan but do no damage.
Dowan is lightly wounded.
Dowan hits you with a +4 dagger of distortion.
* * * LOW HITPOINT WARNING * * *
Space warps horribly around you!!
Ouch! That really hurt!
You die...

#### ...# ###
...... ...# # ..#
..... ...##. ..#
.... ...... #.#
... . ...# #.# .e
.. ...# #.# .##.#
...# #####.##...^#
...# ##...#.@e).#
.#### #..#.#...###
....# #.##.#...#
.##....#
#.#.....##
..########......##
........>.......#
..####......##..#
#.#...........#..#
#.#.#.........#..#


You could see Dowan (fast).

Vanquished Creatures
  Terence (D:3)
  3 gnolls
  3 worms
  A dart slug (D:1)
  An orc (D:4)
  5 endoplasms
  5 giant cockroaches
  7 goblins
  5 hobgoblins
  6 jackals
  6 kobolds
  2 quokkas
  5 ball pythons
  6 bats (D:1)
  3 frilled lizards
  2 rats
61 creatures vanquished.

Vanquished Creatures (collateral kills)
  Duvessa (D:4)
  An endoplasm (D:4)
  A kobold (D:4)
3 creatures vanquished.

Grand Total: 64 creatures vanquished

Notes
Turn   | Place    | Note
-------+----------+-------------------------------------------
     0 | D:1      | RogueRain17 the Demonspawn Gladiator began the quest for
                  | the Orb.
     0 | D:1      | Reached XP level 1. HP: 16/16 MP: 1/1
    44 | D:1      | Reached skill level 3 in Unarmed Combat
    44 | D:1      | Gained mutation: You regenerate magic rapidly. [demonic
                  | ancestry]
    44 | D:1      | Reached XP level 2. HP: 9/22 MP: 2/2
   842 | D:1      | Gained mutation: When hurt, damage is shared between your
                  | health and your magic reserves. [demonic ancestry]
   842 | D:1      | Reached XP level 3. HP: 20/27 MP: 3/3
  2009 | D:2      | Found a faded altar of an unknown god.
  2204 | D:3      | Noticed Terence
  2462 | D:3      | Reached skill level 4 in Unarmed Combat
  2462 | D:3      | Gained mutation: A weak demonic guardian rushes to your
                  | aid. [demonic ancestry]
  2462 | D:3      | Reached XP level 4. HP: 29/33 MP: 4/4
  2693 | D:3      | Killed Terence
  3016 | D:3      | Found a runed translucent door.
  3017 | D:3      | Noticed Crazy Yiuf
  3796 | D:4      | Noticed a scorpion
  4035 | D:4      | Noticed Dowan
  4037 | D:4      | Noticed Duvessa
  4055 | D:4      | Killed Duvessa
  4056 | D:4      | Reached skill level 5 in Unarmed Combat
  4056 | D:4      | Gained mutation: You are partially covered in icy blue
                  | scales. (AC +2) [demonic ancestry]
  4056 | D:4      | Reached XP level 5. HP: 13/38 MP: 2/5
  4061 | D:4      | Demolished by Dowan

Illustrated notes

Levels and vault maps discovered:
D:1:      saegor_arrival_simple_e, layout_basic
D:2:      layout_loops_ring, shapermc_ecumenical_altar_acropolis,
          minmay_misc_feat_tower
D:3:      layout_basic, uniq_terence, uniq_crazy_yiuf_cottage
D:4:      layout_rooms, zin_academy, uniq_duvessa, uniq_menkaure

Skill      XL: |  1  2  3  4 |
---------------+-------------+-----
Unarmed Combat | 3 4 5 |  5.1
Dodging        | 3 4 |  4.0
Fighting       | |  2.0
Throwing       | |  1.7

Action                   |  1- 3 |  4- 6 || total
-------------------------+-------+-------++-------
Melee: Unarmed           |   183 |    79 ||   262
       Punch             |     4 |       ||     4
Throw: Throwing net      |     2 |       ||     2
  Use: Potion            |     1 |       ||     1
       Scroll            |       |     8 ||     8
Armor: Leather armour    |    58 |     9 ||    67
Dodge: Dodged            |   134 |    38 ||   172
